Map: Echo LE

Players

Player1 (Miso) - Winner!

  • Race: Terran Terran
  • Spawn Location: 11:00

qxc

  • Race: Terran Terran
  • Spawn Location: 5:00

Event: LycanGTV LotV Beta Tournament 1

VOD

Have the link to the VOD?

Description

Time

  • Played on: April 2, 2015, 2:01 p.m.
  • Length: 16:55

All games in this series

Show
View Real Time Build Order
Export as new Build Order

Player1 Terran - Winner!

Build Orders: 1/1/1, Bio Tank, MMM Bio, Banshee Rush 

Get SALT Encoding   

  12  0:00  SCV  
  13  0:12  SCV  
  14  0:18  Supply Depot  
  14  0:24  SCV  
  14  0:28  Refinery  
  15  0:40  SCV  
  16  0:45  Barracks  
  16  0:52  SCV  
  18  1:04  SCV  
  18  1:10  Refinery  
  18  1:16  SCV  
  19  1:31  Orbital Command  
  19  1:32  Marine  
  20  1:33  Factory  
  20  1:45  Supply Depot  
  20  1:50  Reaper  
  21  1:57  SCV  
  22  2:09  SCV  
  23  2:17  Hellion, Starport  
  23  2:21  SCV  
  23  2:22  Reaper  
  27  2:29  Supply Depot  
  27  2:33  SCV  
  28  2:38  Hellion  
  30  2:45  SCV  
  31  2:52  Supply Depot  
  31  2:55  Barracks Tech Lab  
  31  2:57  SCV  
  32  3:01  Hellion  
  34  3:09  SCV  
  33  3:20  Banshee, Cloaking Field  
  33  3:21  SCV  
  33  3:23  Barracks Reactor, Factory Tech Lab  
  34  3:33  SCV  
  35  3:45  SCV, Siege Tank  
  35  3:58  SCV  
  35  4:00  Marine x2  
  38  4:02  Banshee  
  41  4:10  SCV  
  42  4:17  Supply Depot  
  42  4:18  Marine x2  
  42  4:22  Siege Tank  
  47  4:34  Supply Depot  
  47  4:39  Command Center, SCV, Marine x2  
  50  4:46  Raven  
  50  4:51  SCV  
  50  4:57  Marine x2  
  48  5:15  Marine x2  
  50  5:29  SCV, Siege Tank  
  50  5:33  Marine x2  
  50  5:35  Command Center  
  51  5:41  SCV  
  50  5:52  Orbital Command  
  50  5:53  SCV  
  50  5:55  Refinery  
  51  5:59  Viking  
  51  6:01  Siege Tank  
  56  6:05  SCV, Viking  
  56  6:08  Marine  
  60  6:18  SCV x2  
  62  6:20  Supply Depot  
  62  6:29  Marine  
  62  6:30  SCV x2  
  65  6:33  Viking  
  65  6:36  Viking  
  69  6:42  SCV x2, Stimpack  
  71  6:47  Orbital Command  
  71  6:49  Marine  
  72  6:54  SCV x2  
  72  6:57  Barracks  
  71  7:06  SCV x2  
  73  7:09  Siege Tank  
  76  7:18  SCV  
  73  7:22  Marine  
  73  7:24  SCV  
  73  7:25  Barracks  
  73  7:26  SCV, Barracks  
  73  7:28  Barracks  
  76  7:30  SCV  
  76  7:35  Starport Reactor  
  76  7:36  SCV  
  78  7:43  Siege Tank, Marine  
  71  7:48  Barracks Tech Lab  
  61  7:53  Refinery, Bunker, Missile Turret  
  61  7:58  Engineering Bay  
  61  8:00  SCV  
  61  8:01  SCV x2  
  61  8:04  Marauder  
  66  8:11  Marauder  
  66  8:12  SCV, Missile Turret  
  69  8:13  Missile Turret  
  69  8:15  Siege Tank  
  69  8:16  Viking  
  69  8:17  Barracks Tech Lab  
  69  8:18  Barracks Reactor  
  74  8:21  SCV  
  74  8:23  SCV  
  74  8:26  Supply Depot, Marauder  
  78  8:29  Supply Depot, Orbital Command  
  78  8:31  Terran Infantry Weapons Level 1  
  78  8:32  Marauder  
  80  8:34  Viking  
  80  8:39  Marauder  
  84  8:45  Marine x2  
  84  8:46  Combat Shields  
  84  8:48  Marauder  
  88  8:49  SCV  
  88  8:53  Marauder  
  88  8:55  Marine  
  92  8:57  Marine  
  92  9:01  Marauder  
  95  9:03  Marine x2  
  95  9:09  Marauder  
  97  9:13  Orbital Command, Marine  
  97  9:15  Marauder, Marine  
  90  9:21  SCV x2, Marine x2  
  90  9:22  Marauder  
  94  9:26  Medivac  
  94  9:29  Medivac  
  94  9:30  Marine  
  94  9:31  Marauder  
  101  9:32  Marine  
  101  9:33  SCV x2  
  101  9:36  Marauder  
  101  9:38  Concussive Shells  
  103  9:39  Marine x2  
  103  9:42  Barracks x2  
  103  9:43  SCV, Barracks, Marauder  
  109  9:45  SCV  
  109  9:47  SCV  
  109  9:48  Marine  
  109  9:51  Armory  
  109  9:52  Engineering Bay  
  111  9:55  SCV  
  111  9:56  Marauder  
  111  9:57  SCV  
  111  9:59  SCV  
  116  10:03  Supply Depot  
  116  10:05  Supply Depot x2, Marine  
  117  10:17  Supply Depot  
  117  10:24  Marauder, Medivac x2, Marine x2  
  117  10:26  Marine x2  
  117  10:27  Marauder x2  
  117  10:28  Supply Depot  
  131  10:30  Marine  
  131  10:37  Marine x2  
  131  10:42  Marine x2  
  129  10:44  Marine x2  
  129  10:46  Marauder  
  129  10:48  Marauder x2, Marine  
  123  10:54  Marine  
  123  10:55  Marine  
  123  10:59  Marine x2  
  123  11:02  Marine x2  
  116  11:07  Medivac, Marauder  
  116  11:09  SCV  
  116  11:10  Marauder x2  
  122  11:13  Terran Infantry Weapons Level 2  
  121  11:19  Marine x3  
  121  11:21  Marine x2  
  112  11:29  Marauder  
  112  11:31  Marauder x2  
  108  11:36  Marine x2  
  108  11:37  Marine  
  108  11:39  Marine x2  
  92  11:50  Marauder  
  92  11:52  Marauder x2  
  92  11:54  Barracks Tech Lab x2, Marine x3  
  91  11:56  Command Center  
  91  11:57  Marine x2  
  91  12:01  Refinery  
  95  12:02  Refinery  
  95  12:11  Command Center, Supply Depot, Marauder  
  95  12:12  Terran Infantry Armor Level 1, Marine x2  
  95  12:13  Marauder  
  95  12:14  Marauder x3  
  95  12:15  Marine  
  108  12:17  Marine  
  108  12:18  Marine  
  108  12:19  SCV x3  
  113  12:31  SCV x3, Marine x2  
  113  12:33  Marauder  
  113  12:34  Supply Depot  
  113  12:35  Medivac, Marauder x3  
  128  12:38  Marine  
  128  12:40  Refinery, Marine  
  128  12:42  Barracks Reactor  
  128  12:43  SCV x2  
  129  12:45  SCV, Refinery  
  127  12:55  SCV x2  
  127  12:56  Marauder, Marine x2  
  127  12:58  Marine  
  123  12:59  Marine  
  123  13:02  SCV  
  122  13:05  Marine  
  122  13:07  Marine  
  122  13:09  Marine  
  122  13:10  Marine  
  107  13:19  Planetary Fortress  
  107  13:21  Marauder  
  107  13:22  Marine  
  107  13:25  Medivac  
  112  13:31  Marauder, Marine x2  
  116  13:37  Marauder  
  116  13:38  Marauder  
  116  13:39  Marauder  
  122  13:41  Medivac  
  122  13:45  Orbital Command  
  124  13:52  Marine, Marauder x2  
  124  13:53  Marine  
  124  13:54  Marine  
  124  13:55  Marine  
  132  13:57  Marine x2, Medivac  
  132  13:58  Marine  
  132  13:59  Marauder  
  140  14:03  Marauder  
  137  14:10  Marine  
  137  14:11  Marine  
  137  14:12  Marine  
  137  14:13  Marine x2  
  137  14:14  Marauder  
  137  14:15  Marine x2  
  148  14:17  Marauder  
  148  14:20  Marauder, Medivac  
  148  14:23  Marine  
  153  14:26  Orbital Command  
  153  14:27  Marine, Medivac  
  153  14:29  Marine  
  153  14:30  Marine  
  153  14:31  Marauder, Marine  
  160  14:33  Marine  
  160  14:35  Marauder  
  160  14:36  Marine  
  166  14:38  Marauder  
  166  14:42  Marauder x2  
  170  14:45  Marine  
  170  14:47  Marine  
  170  14:48  Marine x2  
  170  14:50  Medivac  
  170  14:51  Marine  
  178  14:52  Marauder  
  178  14:55  Marine  
  178  14:56  Marauder  
  183  15:00  Marauder  
  183  15:03  Marine, Marauder x2  
  183  15:04  Siege Tank, Marine  
  183  15:05  Marine  
  183  15:06  Marine  
  193  15:09  Marine  
  193  15:13  Marine  
  193  15:14  Marauder  
  195  15:18  Marauder  
  195  15:21  SCV, Marine, Marauder  
  183  15:22  Marine  
  183  15:23  SCV x2, Marine  
  183  15:24  Marauder, Marine  
  183  15:25  SCV, Marauder  
  183  15:26  Marine  
  193  15:31  Marine  
  193  15:32  Medivac x2  
  193  15:34  SCV  
  193  15:35  SCV  
  200  15:42  Supply Depot  
  199  15:55  Marine  
  200  16:00  Marauder x2  
  195  16:07  Marine x7  
  195  16:08  Marauder  
  198  16:14  Marine  
  198  16:15  Medivac  
  199  16:21  Marine  
  199  16:23  Command Center  
  200  16:27  Command Center  
  200  16:31  Command Center  
  200  16:33  Command Center  
Show
View Real Time Build Order
Export as new Build Order

qxc Terran 

Build Orders: Cyclone Opening, Factory Expand, Mech 

Get SALT Encoding   

  12  0:01  SCV  
  13  0:13  SCV  
  14  0:18  Supply Depot  
  14  0:25  Refinery  
  14  0:28  SCV  
  15  0:40  SCV  
  16  0:45  Barracks  
  16  0:52  SCV  
  17  1:04  SCV  
  18  1:16  SCV  
  19  1:31  Orbital Command  
  19  1:32  Marine  
  19  1:33  Factory  
  20  1:40  Supply Depot  
  20  1:50  Barracks Tech Lab  
  20  1:57  SCV  
  21  2:09  SCV  
  21  2:15  Command Center  
  22  2:21  SCV  
  23  2:29  Marine  
  23  2:31  Cyclone  
  23  2:34  SCV  
  28  2:38  Supply Depot  
  28  2:41  Refinery  
  28  2:47  SCV, Marine  
  29  2:59  SCV  
  29  3:04  Hellion  
  30  3:07  Barracks Reactor  
  30  3:11  SCV  
  31  3:21  Starport  
  31  3:23  SCV  
  32  3:31  Hellion  
  34  3:35  SCV  
  34  3:39  Supply Depot  
  35  3:45  Marine x2  
  35  3:47  SCV  
  35  3:48  Orbital Command  
  38  3:53  Cyclone  
  41  3:58  Viking  
  41  3:59  SCV  
  44  4:11  SCV  
  44  4:15  SCV  
  44  4:16  Missile Turret  
  46  4:20  Missile Turret  
  46  4:23  SCV  
  44  4:25  Marine x2  
  44  4:27  SCV, Missile Turret  
  44  4:29  Cyclone  
  50  4:37  SCV  
  51  4:45  Viking  
  53  4:46  SCV  
  52  4:53  Marine x2  
  52  4:54  SCV  
  52  4:55  Bunker  
  52  4:58  SCV  
  56  5:02  Refinery  
  56  5:03  Refinery  
  56  5:06  Missile Turret  
  56  5:11  SCV  
  57  5:18  SCV  
  56  5:23  SCV  
  55  5:31  SCV  
  56  5:36  SCV  
  56  5:38  Cyclone  
  60  5:44  SCV  
  60  5:46  Marine  
  62  5:50  Supply Depot  
  62  5:51  Supply Depot  
  62  5:52  Factory  
  62  5:53  Marine  
  62  5:54  SCV  
  62  5:56  SCV  
  65  6:06  SCV  
  65  6:08  SCV  
  65  6:10  Siege Tank  
  70  6:12  Medivac  
  70  6:18  SCV  
  73  6:21  SCV  
  73  6:23  Factory  
  69  6:30  SCV  
  70  6:39  SCV  
  71  6:42  Armory  
  71  6:43  Siege Tank  
  74  6:50  Hellion x2  
  74  6:52  SCV  
  79  6:55  Command Center, SCV  
  80  7:04  SCV  
  79  7:14  Viking  
  79  7:15  Factory Tech Lab, Hellion  
  85  7:16  Hellion  
  85  7:18  Siege Tank  
  86  7:27  Supply Depot  
  86  7:28  SCV  
  86  7:29  Supply Depot x2  
  85  7:44  Siege Tank  
  85  7:45  Hellion x2  
  85  7:50  Hellion  
  91  7:54  Terran Vehicle and Ship Weapons Level 1  
  91  7:55  Starport Reactor  
  91  7:56  Factory x2  
  91  8:10  SCV x2  
  93  8:15  Command Center  
  93  8:16  Hellion x2  
  93  8:17  Cyclone  
  100  8:22  SCV  
  100  8:24  Refinery x2  
  100  8:25  SCV  
  102  8:32  Siege Tank  
  105  8:38  SCV, Engineering Bay  
  106  8:42  SCV  
  107  8:50  SCV  
  107  8:54  SCV  
  107  8:57  Hellion x2, Siege Tank  
  107  8:58  SCV  
  107  9:00  Supply Depot  
  107  9:01  Viking  
  107  9:02  Supply Depot  
  113  9:04  Viking  
  113  9:07  Supply Depot  
  108  9:20  Cyclone, Hellion x2  
  108  9:23  Orbital Command  
  105  9:25  SCV x2, Factory Tech Lab  
  105  9:26  Factory Reactor  
  105  9:27  Unknown  
  107  9:40  Cyclone  
  107  9:42  Viking  
  107  9:45  SCV  
  113  9:48  SCV  
  113  9:51  SCV, Missile Turret  
  113  9:52  Cyclone, Missile Turret  
  118  9:55  Hellion x3  
  118  9:57  SCV  
  125  10:00  SCV  
  125  10:01  Missile Turret  
  125  10:03  Planetary Fortress, Missile Turret  
  125  10:05  SCV  
  127  10:11  SCV, Hellion x2  
  127  10:12  Hellion  
  127  10:13  Infernal Pre-Igniter  
  134  10:16  SCV  
  134  10:17  SCV  
  134  10:20  Siege Tank  
  134  10:21  Hellion  
  141  10:23  Widow Mine  
  141  10:25  SCV  
  144  10:30  Refinery  
  144  10:31  SCV  
  144  10:33  Refinery  
  144  10:35  SCV  
  140  10:36  Siege Tank  
  140  10:37  Hellion x2  
  140  10:38  SCV  
  129  10:44  Siege Tank  
  129  10:45  Hellion  
  129  10:46  Viking  
  126  10:52  Hellion, Siege Tank  
  124  10:58  Hellion x2  
  124  11:04  SCV  
  118  11:07  Hellion  
  118  11:08  SCV, Siege Tank  
  108  11:11  Orbital Command  
  108  11:14  Hellion  
  108  11:16  SCV  
  108  11:17  Siege Tank  
  99  11:20  SCV, Hellion x2  
  99  11:24  Siege Tank  
  98  11:28  SCV, Hellion  
  98  11:32  SCV  
  96  11:35  Hellion  
  95  11:40  SCV  
  95  11:41  SCV, Hellion x2, Siege Tank  
  95  11:45  SCV  
  90  11:49  Siege Tank  
  90  11:50  Hellion  
  90  11:52  SCV  
  96  11:56  SCV, Hellion, Siege Tank  
  96  11:57  Missile Turret  
  96  11:58  SCV  
  103  12:04  SCV  
  104  12:09  Refinery  
  104  12:10  SCV  
  104  12:12  Hellion  
  104  12:13  SCV, Hellion x2  
  112  12:16  SCV  
  112  12:17  Viking  
  112  12:20  Sensor Tower  
  112  12:21  Viking  
  118  12:29  Missile Turret  
  118  12:33  Siege Tank  
  118  12:34  Hellion x2  
  118  12:36  Hellion x2  
  118  12:37  Hellion  
  130  12:55  Hellion x2, Siege Tank  
  130  12:57  SCV  
  130  12:58  SCV  
  127  13:05  SCV  
  125  13:13  Cyclone x2  
  125  13:15  Hellion x2  
  134  13:21  Command Center  
  134  13:24  Command Center  
  134  13:27  Cyclone  
  134  13:28  Missile Turret  
  134  13:30  Sensor Tower, Missile Turret  
  134  13:32  Sensor Tower  
  137  13:37  Hellion x4  
  145  13:53  Widow Mine  
  147  13:56  Cyclone  
  147  13:59  Cyclone  
  147  14:01  Hellion x2  
  157  14:05  Hellion x2  
  157  14:06  Supply Depot  
  143  14:13  Supply Depot  
  143  14:15  Supply Depot  
  141  14:17  Viking  
  141  14:20  Command Center  
  141  14:22  Hellion, Siege Tank  
  141  14:24  Viking  
  150  14:29  Widow Mine  
  150  14:30  Hellion x2  
  152  14:45  Hellion x3  
  158  14:53  Hellion x2  
  158  14:55  Hellion  
  164  15:03  Medivac x2  
  164  15:06  Hellion x2  
  164  15:07  Hellion  
  142  15:25  Siege Tank x2  
  142  15:26  Hellion x2  
  142  15:28  Hellion  
  144  15:30  SCV x2  
  144  15:31  SCV  
  144  15:35  Hellion, Siege Tank  
  150  15:42  SCV x2, Orbital Command  
  150  15:43  SCV  
  150  15:47  Hellion x2  
  155  15:52  Hellion  
  155  15:53  Refinery  
  155  15:54  SCV x2  
  155  15:57  Hellion  
  162  15:58  Cyclone  
  162  15:59  SCV  
  162  16:02  Refinery  
  162  16:03  Siege Tank  
  154  16:07  Hellion  
  154  16:09  Hellion x2  
  149  16:13  Hellion  
  149  16:18  Hellion  
  150  16:22  Orbital Command  
  150  16:25  SCV x3  
  153  16:30  Hellion x2  
  160  16:37  SCV x2  
  160  16:38  SCV  

Tags
 
Add a new tag
Caveats
  • Supply blocks, unpowered buildings, or Contaminate may cause inaccurate times.
  • Supply counts are checked every 10 seconds.